 Dungeon Crawl Stone Soup version 0.22.0-25-g7663229ff0 (webtiles) character file.

910 Peloso the Slasher (level 7, -8/61 HPs)
             Began as a Minotaur Fighter on Aug 21, 2018.
             Mangled by Prince Ribbit (13 damage)
             ... while paralysed
             ... on level 5 of the Dungeon.
             The game lasted 00:09:18 (3165 turns).

Peloso the Slasher (Minotaur Fighter)               Turns: 3165, Time: 00:09:21

Health: -8/61      AC: 11    Str: 21    XL:     7   Next: 81%
Magic:  6/6        EV:  2    Int:  5    God:
Gold:   240        SH:  0    Dex: 11    Spells: 6/6 levels left

rFire    . . .     SeeInvis .   a - +0 long sword
rCold    + . .     Gourm    .   c - +0 shield
rNeg     . . .     Faith    .   b - +0 chain mail
rPois    +         Spirit   .   (helmet restricted)
rElec    .         Reflect  .   (no cloak)
rCorr    .         Harm     .   q - +0 pair of gloves
MR       .....                  (no boots)
Stlth    ..........             (no amulet)
HPRegen  0.20/turn              x - ring of protection from cold
MPRegen  0.10/turn              t - ring of poison resistance

@: paralysed, berserk cooldown, slowed
A: retaliatory headbutt, horns 2
a: no special abilities


You were on level 5 of the Dungeon.
You were very hungry.

You visited 1 branch of the dungeon, and saw 5 of its levels.

You collected 240 gold pieces.

Inventory:

Hand Weapons
 a - a +0 long sword (weapon)
Armour
 b - a +0 chain mail (worn)
 c - a +0 shield (worn)
 q - a +0 pair of gloves (worn)
Jewellery
 m - the amulet of Uvenogar {Inacc rPois Str+3}
   (You found it on level 4 of the Dungeon)

   [amulet of inaccuracy]

   It reduces the accuracy of all your attacks.
   It affects your strength (+3).
   It protects you from poison.
 t - a ring of poison resistance (right hand)
 x - a ring of protection from cold (left hand)
 y - an uncursed amulet of rage
Wands
 s - a wand of scattershot (5)
Scrolls
 e - 3 scrolls of remove curse
 g - 6 scrolls of identify
 h - a scroll of fear {unknown}
 i - 2 scrolls of random uselessness {unknown}
 j - 2 scrolls of magic mapping {unknown}
 k - a scroll of amnesia {unknown}
 l - a scroll of enchant weapon {unknown}
 u - a scroll of immolation {unknown}
 v - a scroll of holy word {unknown}
 w - a scroll of enchant armour {unknown}
 A - a scroll of blinking {unknown}
Potions
 d - a potion of might
 n - 3 potions of heal wounds
 o - 2 potions of curing
 r - 2 potions of degeneration {unknown}
 z - a potion of ambrosia {unknown}
Comestibles
 f - 14 rations


   Skills:
 + Level 5.0 Fighting
 + Level 7.4 Long Blades
 + Level 5.9 Armour
 + Level 1.6 Dodging
 + Level 0.3 Stealth
 + Level 6.0 Shields


You had 6 spell levels left.
You didn't know any spells.
Your spell library was empty.

Dungeon Overview and Level Annotations

Branches:
Dungeon (5/15)
 Temple: D:4-7

Altars:
Trog
The Shining One

Annotations:
D:5 Prince Ribbit


Innate Abilities, Weirdness & Mutations

You reflexively headbutt those who attack you in melee.
You have a pair of horns on your head.


Message History

Prince Ribbit hits you!
* * * LOW HITPOINT WARNING * * *
You completely miss Prince Ribbit. Your headbutt misses Prince Ribbit.
Prince Ribbit is severely wounded.
You block Prince Ribbit's attack.
You closely miss Prince Ribbit.
Prince Ribbit is severely wounded.
Prince Ribbit blinks!
You feel a strong urge to attack something.
You block Prince Ribbit's attack.
Items here: )) [[ † a dire flail of protection; a ring mail; a dagger; a robe the human corpse of Edmund You butcher the human corpse of Edmund.
You feel your anger nearly subside.
You are no longer berserk.
You pass out from exhaustion.
You feel yourself slow down.
Prince Ribbit lets out a mournful croak.
Prince Ribbit hits you!
You die...

.....#.# .##..#
.......# .....#
######## #.##.#
# # .< # #. # #
#..######.#
######
###$........#
.....#
.........#....#
.....#
.....###@# #..#
.....# .... #F#
>.. .....# ..
#)# # .#####
#.# .# #.# .#
#.# .# #.# ##
#.# ###.#


You could see Prince Ribbit.

Vanquished Creatures
  Edmund (D:5)
  A sky beast (D:5)
  A phantom (D:4)
  A scorpion (D:4)
  An orc priest (D:5)
  A bullfrog skeleton (D:5)
  A hound (D:5)
  3 orc wizards
  Terence (D:2)
  4 worker ants
  2 hound skeletons (D:5)
  A worker ant zombie (D:5)
  3 gnolls (D:3)
  9 adders
  A shadow imp (D:5)
  An adder skeleton (D:4)
  5 worms (D:2)
  3 dart slugs
  3 leopard geckos (D:1)
  14 orcs
  3 bats
  5 giant cockroaches
  5 goblins
  8 hobgoblins
  5 jackals
  4 quokkas
  4 frilled lizards
  A jackal zombie (D:5)
  3 kobolds
  A quokka skeleton (D:5)
  5 rats
101 creatures vanquished.

Notes
Turn   | Place    | Note
-------+----------+-------------------------------------------
     0 | D:1      | Peloso the Minotaur Fighter began the quest for the Orb.
     0 | D:1      | Reached XP level 1. HP: 19/19 MP: 0/0
   203 | D:1      | Reached XP level 2. HP: 27/27 MP: 1/1
   271 | D:1      | You fall through a shaft!
   310 | D:2      | Reached skill level 3 in Long Blades
   376 | D:1      | Reached XP level 3. HP: 31/33 MP: 2/2
   787 | D:2      | Noticed Terence
   800 | D:2      | Killed Terence
   827 | D:2      | Reached XP level 4. HP: 40/40 MP: 3/3
   844 | D:2      | Found a bloodstained altar of Trog.
  1144 | D:3      | Reached skill level 4 in Long Blades
  1348 | D:3      | Reached XP level 5. HP: 45/46 MP: 4/4
  1354 | D:3      | Reached skill level 1 in Dodging
  1524 | D:3      | Reached skill level 5 in Long Blades
  1773 | D:3      | Reached skill level 5 in Shields
  1954 | D:4      | Reached XP level 6. HP: 45/53 MP: 5/5
  2113 | D:4      | Got a crude copper amulet
  2127 | D:4      | Reached skill level 6 in Long Blades
  2127 | D:4      | Reached skill level 5 in Armour
  2624 | D:5      | Entered Level 5 of the Dungeon
  2625 | D:5      | Identified the amulet of Uvenogar {Inacc rPois Str+3} (You found it on level 4 of the Dungeon)
  2715 | D:5      | Reached XP level 7. HP: 60/60 MP: 6/6
  3023 | D:5      | Found a glowing golden altar of the Shining One.
  3037 | D:5      | Noticed Prince Ribbit
  3113 | D:5      | Reached skill level 7 in Long Blades
  3123 | D:5      | Noticed Edmund
  3148 | D:5      | Killed Edmund
  3148 | D:5      | Reached skill level 5 in Fighting
  3165 | D:5      | Mangled by Prince Ribbit

Skill      XL: |  1  2  3  4  5  6  7 |
---------------+----------------------+-----
Fighting       | 4 5 |  5.0
Armour         | 4 5 |  5.9
Long Blades    | 3 4 5 6 7 |  7.4
Shields        | 4 5 6 |  6.0
Dodging        | 1 |  1.6
Stealth        | |  0.3

Action                   |  1- 3 |  4- 6 |  7- 9 || total
-------------------------+-------+-------+-------++-------
Melee: Long sword        |    71 |   220 |    95 ||   386
       Headbutt          |    13 |    34 |    27 ||    74
  Use: Scroll            |       |     3 |       ||     3
       Potion            |       |       |     1 ||     1
  Eat: Chunk             |       |     6 |     1 ||     7
Armor: Scale mail        |     3 |       |       ||     3
       Chain mail        |    45 |   107 |    29 ||   181
Dodge: Dodged            |    17 |    29 |    19 ||    65
Block: Shield            |    45 |    88 |    35 ||   168
       Rpst.: Long sword |     8 |     5 |     7 ||    20
